 Dungeon Crawl Stone Soup version 0.18-a0-1718-g40ea4b6 (webtiles) character file.

144 Pinecone the Skirmisher (level 5, -1/43 HPs)
             Began as a Demonspawn Wanderer on Apr 8, 2016.
             Killed from afar by an orc wizard (5 damage)
             ... with a puff of flame
             ... on level 3 of the Dungeon.
             The game lasted 00:04:06 (2209 turns).

Pinecone the Skirmisher (Demonspawn Wanderer)       Turns: 2209, Time: 00:04:07

Health: -1/43      AC: 16    Str: 18 (20) XL:     5   Next: 5%
Magic:  6/6        EV:  9    Int: 11 (12) God:
Gold:   151        SH:  0    Dex: 11 (12) Spells: 0 memorised, 6 levels left

rFire  . . .     SeeInvis .     i - +1 mace (protect)
rCold  . . .     Gourm    .     a - +2 scale mail
rNeg   . . .     Faith    .     (no shield)
rPois  .         Spirit   .     (no helmet)
rElec  .         Dismiss  .     (no cloak)
rCorr  .         Reflect  .     (no gloves)
SustAt .         Harm     .     k - +0 pair of boots
MR     +....                    (no amulet)
Stlth  ..........               (no ring)
                                m - ring of protection from magic

@: mighty, flying, very slightly contaminated, hasted, very quick, somewhat
resistant to hostile enchantments, extremely unstealthy
A: claws 2, slimy green scales 1, powered by pain 1
a: no special abilities


You were on level 3 of the Dungeon.
You were hungry.

You visited 1 branch of the dungeon, and saw 3 of its levels.

You collected 151 gold pieces.

Inventory:

Hand Weapons
 b - a +0 mace
 i - a +1 mace of protection (weapon)
 r - a +0 blowgun
 t - a cursed -2 war axe
Missiles
 s - 2 curare-tipped needles
Armour
 a - a +2 scale mail (worn)
 k - a +0 pair of boots (worn)
Jewellery
 m - a ring of protection from magic (left claw)
Scrolls
 e - a scroll of random uselessness {unknown}
 g - 3 scrolls of identify {unknown}
 h - a scroll of blinking {unknown}
 j - a scroll of remove curse {unknown}
 o - a scroll of amnesia {unknown}
Potions
 f - a potion of degeneration
Books
 c - the Handbook of Fire

   Spells                             Type                      Level
   a - Flame Tongue                   Conjuration/Fire             1
   b - Inner Flame                    Hexes/Fire                   3
Comestibles
 d - 4 bread rations
 q - a slice of pizza


   Skills:
 + Level 4.7 Fighting
 - Level 1.7 Maces & Flails
 - Level 2.6 Armour
 - Level 1.0 Stealth
   Level 1.0 Shields
 - Level 1.0 Spellcasting
   Level 2.1 Necromancy


You had 6 spell levels left.
You didn't know any spells.

Dungeon Overview and Level Annotations

Branches:
Dungeon (3/15)

Altars:
Fedhas
Xom


Innate Abilities, Weirdness & Mutations

You have very sharp fingernails.
You are partially covered in slimy green scales (AC +2).
You sometimes gain a little power by taking damage.


Message History

The magic dart hits you!
You closely miss the orc. Something hits you but does no damage.
You sock the orc!
You kill the orc!
You hit the orc.
The orc is heavily wounded.
Something completely misses you. The orc barely misses you.
You completely miss the orc.
The orc is heavily wounded.
Something hits you but does no damage. The orc hits you but does no damage.
You sock the orc!
You kill the orc!
You hear some strange, mumbled words.
Something tries to affect you, but you resist.
You miss something. Something hits you but does no damage.
You miss something.
You hear some strange, mumbled words.
A puff of flame appears from out of thin air!
The puff of flame hits you!
You die...

...#.## #..#..# ##
.# #..##.# .. .###.#
#...#.# ..#.#
#..#.## #.#.#
#.....##
#.#.####.##...#
#...#....##{).#
######..##.#....@#.#
#..(.....#...#####o#
#..........### o#
#.........## {o
#.........# #.
#.........# ##
..........#
#)..>......#
.)##########


There were no monsters in sight!

Vanquished Creatures
  An orc priest (D:3)
  4 adders
  An ooze (D:1)
  3 worms (D:2)
  A dart slug (D:2)
  3 orcs (D:3)
  8 bats
  3 giant cockroaches (D:2)
  8 goblins
  7 hobgoblins
  4 jackals (D:3)
  9 kobolds
  A giant newt (D:1)
  7 rats
60 creatures vanquished.

Notes
Turn   | Place    | Note
--------------------------------------------------------------
     0 | D:1      | Pinecone the Demonspawn Wanderer began the quest for the Orb.
     0 | D:1      | Pinecone set off with: a +2 scale mail, a +0 mace, the Handbook of Fire, a bread ration
     0 | D:1      | Reached XP level 1. HP: 13/13 MP: 2/2
     0 | D:1      | Identified the Handbook of Fire
   143 | D:1      | Reached skill level 1 in Fighting
   172 | D:1      | Gained mutation: You sometimes gain a little power by taking damage. [demonic ancestry]
   172 | D:1      | Reached XP level 2. HP: 21/21 MP: 3/3
   211 | D:1      | Reached skill level 2 in Fighting
   213 | D:1      | Found a shimmering altar of Xom.
   776 | D:2      | Gained mutation: You have sharp fingernails. [demonic ancestry]
   776 | D:2      | Reached XP level 3. HP: 28/28 MP: 4/4
   803 | D:2      | Reached skill level 3 in Fighting
  1661 | D:2      | Gained mutation: You have very sharp fingernails. [demonic ancestry]
  1661 | D:2      | Reached XP level 4. HP: 36/36 MP: 5/5
  1990 | D:3      | Reached skill level 4 in Fighting
  2042 | D:3      | Found a blossoming altar of Fedhas.
  2199 | D:3      | Gained mutation: You are partially covered in slimy green scales (AC +2). [demonic ancestry]
  2199 | D:3      | Reached XP level 5. HP: 2/43 MP: 6/6
  2209 | D:3      | Killed from afar by an orc wizard

Vault maps used:
D:1:      wheals_arrival_shading, xom_teletrap_fun
D:3:      nemelex_deck, fedhas_altar_1, first_bread, uniq_natasha

Skill      XL: |  1  2  3  4 |
---------------+-------------+-----
Fighting       | 1 2 3 4 |  4.7
Maces & Flails | |  1.7
Armour         | |  2.6
Stealth        | |  1.0
Shields        | |  1.0
Spellcasting   | |  1.0
Necromancy     | |  2.1

Action                   |  1- 3 |  4- 6 || total
-------------------------+-------+-------++-------
Melee: Mace              |   148 |    87 ||   235
  Use: Potion            |       |     4 ||     4
  Eat: Chunk             |     3 |     1 ||     4
